Map: Overgrowth LE (Void)

Players

Raiyn

  • Race: Zerg Zerg
  • League: Gold
  • Spawn Location: 1:00

Fropez - Winner!

  • Race: Protoss Protoss
  • League: Gold
  • Spawn Location: 7:00

VOD

Have the link to the VOD?

Description

Time

  • Played on: Dec. 27, 2016, 1:13 p.m.
  • Length: 17:50
Show
View Real Time Build Order
Export as new Build Order

Raiyn Zerg 

Build Orders: Pool First 

Get SALT Encoding   

  12  0:05  Drone  
  13  0:09  Drone  
  14  0:17  Overlord  
  14  0:20  Extractor  
  13  0:24  Extractor  
  13  0:27  Drone  
  13  0:36  Drone  
  13  0:41  Drone  
  17  0:50  Spawning Pool  
  17  0:54  Drone  
  17  1:26  Extractor, Hatchery  
  15  1:36  Queen  
  15  1:38  Zergling x4  
  19  1:52  Drone  
  19  1:53  Drone  
  21  2:04  Drone  
  22  2:19  Hatchery  
  21  2:28  Extractor  
  20  2:35  Roach Warren  
  19  2:40  Queen  
  19  2:41  Drone x2  
  23  2:47  Drone  
  24  3:13  Zergling x2  
  24  3:14  Zergling x4  
  25  3:21  Queen  
  25  3:22  Overlord x2  
  25  3:26  Drone  
  28  3:30  Spine Crawler  
  27  3:45  Drone x3  
  30  3:50  Drone x3  
  33  3:56  Roach  
  35  4:04  Queen  
  35  4:09  Roach  
  39  4:18  Drone x2  
  39  4:19  Drone x2  
  39  4:24  Drone x2  
  45  4:35  Drone x2  
  47  4:39  Lair  
  47  4:45  Spore Crawler  
  46  4:53  Drone x4  
  46  4:57  Extractor  
  46  4:58  Drone  
  50  5:07  Overlord  
  50  5:08  Overlord x3  
  50  5:16  Overlord  
  50  5:25  Roach x2  
  50  5:26  Roach x2  
  50  5:27  Roach x2  
  50  5:28  Roach  
  53  5:56  Roach x2  
  53  5:57  Roach  
  60  6:11  Drone x5  
  60  6:12  Drone x5  
  69  6:19  Ravager  
  69  6:24  Spine Crawler  
  69  6:35  Extractor  
  69  6:37  Drone x6  
  74  6:44  Ravager  
  75  6:51  Overlord  
  75  6:57  Extractor  
  75  6:58  Extractor  
  73  7:04  Extractor  
  72  7:20  Roach  
  72  7:22  Roach x6  
  88  7:23  Roach x4  
  94  7:30  Ravager  
  95  7:37  Drone x3  
  98  7:46  Spine Crawler  
  98  7:47  Drone  
  98  7:53  Overlord x3  
  98  7:54  Overlord x3  
  98  8:05  Glial Reconstitution  
  98  8:11  Spire  
  97  8:14  Drone x4  
  97  8:15  Drone x2  
  97  8:16  Spine Crawler  
  97  8:19  Spine Crawler  
  101  8:29  Zergling x4  
  101  8:30  Zergling x6  
  106  8:40  Spine Crawler  
  105  8:43  Spine Crawler  
  104  9:02  Roach x3  
  96  9:03  Roach x8  
  97  9:10  Roach  
  82  9:20  Hydralisk Den  
  75  9:25  Evolution Chamber, Drone x3  
  75  9:26  Drone x2  
  75  9:28  Evolution Chamber  
  78  9:43  Drone x4  
  82  9:49  Mutalisk x2  
  82  9:50  Mutalisk x2  
  90  9:54  Zerg Missile Weapons Level 1  
  90  10:14  Muscular Augments  
  90  10:15  Zerg Ground Armor Level 1  
  90  10:18  Mutalisk x2, Roach  
  96  10:36  Pneumatized Carapace, Spine Crawler  
  95  10:43  Hatchery  
  94  10:51  Hatchery  
  94  10:54  Hydralisk  
  95  11:08  Spore Crawler  
  94  11:13  Spore Crawler  
  94  11:14  Corruptor x2, Spore Crawler  
  96  11:35  Corruptor  
  96  11:36  Corruptor x2  
  102  11:46  Lurker Den  
  102  11:48  Zerg Flyer Armor Level 1  
  102  11:59  Hydralisk x2  
  102  12:00  Hydralisk  
  103  12:14  Roach x4  
  99  12:31  Roach x2  
  99  12:32  Roach x2  
  85  12:45  Drone x3  
  82  13:01  Drone, Hatchery  
  82  13:29  Drone x2  
  82  13:30  Drone x7  
  91  13:38  Zerg Missile Weapons Level 2  
  91  13:45  Lurker  
  91  13:46  Lurker x2  
  94  13:59  Drone  
  94  14:00  Drone  
  96  14:11  Zerg Ground Armor Level 2  
  96  14:16  Drone x2  
  98  14:18  Drone  
  98  14:20  Hatchery  
  98  14:45  Spine Crawler  
  98  14:46  Spine Crawler x2  
  98  14:47  Spine Crawler  
  98  14:48  Spine Crawler  
  98  14:49  Spine Crawler  
  98  14:50  Extractor  
  98  14:51  Extractor  
  90  14:56  Infestation Pit  
  89  15:07  Corruptor x6  
  101  15:17  Spore Crawler  
  101  15:19  Spore Crawler  
  99  15:33  Hive  
  99  15:48  Hydralisk x2  
  99  15:49  Hydralisk x5  
  115  15:54  Zerg Melee Weapons Level 1  
  114  16:02  Spine Crawler  
  89  16:23  Hydralisk x3  
  89  16:24  Hydralisk x3  
  89  16:40  Hydralisk x2  
  89  16:47  Hydralisk  
  89  16:48  Hydralisk  
  85  17:09  Lurker  
  85  17:10  Lurker x3  
Show
View Real Time Build Order
Export as new Build Order

Fropez Protoss - Winner!

Build Orders: 1 Gate Expand, Mass Adepts 

Get SALT Encoding   

  12  0:01  Probe (Chrono Boost)  
  13  0:11  Probe (Chrono Boost)  
  14  0:18  Pylon  
  14  0:22  Probe (Chrono Boost)  
  15  0:36  Probe (Chrono Boost), Gateway  
  16  0:46  Probe (Chrono Boost)  
  18  0:57  Probe (Chrono Boost)  
  18  0:58  Assimilator  
  18  1:07  Probe (Chrono Boost)  
  19  1:15  Pylon  
  19  1:18  Probe (Chrono Boost)  
  20  1:29  Probe (Chrono Boost)  
  21  1:37  Nexus  
  21  1:41  Pylon  
  20  1:51  Cybernetics Core  
  20  1:54  Probe (Chrono Boost)  
  21  2:05  Probe (Chrono Boost)  
  22  2:14  Gateway  
  22  2:22  Gateway  
  22  2:26  Gateway  
  23  2:46  Mothership Core (Chrono Boost)  
  23  2:48  Adept  
  26  2:55  Probe (Chrono Boost)  
  27  2:59  Assimilator  
  27  3:02  Adept  
  27  3:09  Pylon  
  27  3:17  Warp Gate  
  27  3:18  Probe (Chrono Boost)  
  27  3:19  Pylon  
  28  3:25  Adept  
  30  3:29  Adept x2  
  34  3:35  Probe (Chrono Boost)  
  35  3:45  Pylon  
  35  3:50  Probe (Chrono Boost)  
  35  3:52  Probe (Chrono Boost)  
  37  4:02  Adept x2  
  41  4:06  Adept  
  43  4:10  Probe (Chrono Boost)  
  43  4:14  Probe (Chrono Boost)  
  45  4:18  Adept  
  47  4:27  Probe (Chrono Boost)  
  47  4:29  Adept, Probe (Chrono Boost)  
  51  4:33  Adept  
  51  4:37  Adept  
  55  4:45  Assimilator  
  55  4:50  Assimilator  
  55  4:52  Probe (Chrono Boost)  
  56  5:23  Adept x4  
  56  5:25  Probe (Chrono Boost)  
  56  5:26  Probe (Chrono Boost)  
  66  5:38  Pylon  
  58  6:04  Adept x4  
  66  6:22  Probe (Chrono Boost)  
  66  6:24  Probe (Chrono Boost)  
  68  6:28  Pylon  
  69  6:32  Probe (Chrono Boost)  
  69  6:34  Adept x2  
  69  6:35  Adept  
  69  6:36  Probe (Chrono Boost)  
  76  6:40  Nexus  
  76  6:43  Pylon, Probe (Chrono Boost)  
  78  6:48  Twilight Council, Probe (Chrono Boost)  
  78  6:54  Probe (Chrono Boost)  
  79  6:58  Forge  
  79  7:11  Resonating Glaives  
  79  7:32  Forge  
  79  7:33  Probe (Chrono Boost)  
  79  7:34  Pylon  
  79  7:35  Probe (Chrono Boost)  
  81  7:39  Photon Cannon  
  81  7:41  Photon Cannon  
  81  7:44  Gateway, Protoss Ground Weapons Level 1  
  81  7:45  Assimilator  
  81  7:50  Gateway  
  81  7:55  Probe (Chrono Boost)  
  81  7:56  Adept x3, Probe (Chrono Boost)  
  89  8:08  Stalker  
  89  8:09  Probe (Chrono Boost)  
  89  8:10  Probe x2 (Chrono Boost)  
  94  8:17  Pylon  
  88  8:30  Stalker x3  
  94  8:43  Pylon  
  94  8:45  Pylon  
  94  8:51  Stalker  
  94  8:52  Stalker  
  77  9:10  Stalker x2  
  77  9:11  Stalker  
  76  9:31  Probe (Chrono Boost)  
  76  9:33  Probe x2 (Chrono Boost)  
  76  9:35  Assimilator  
  76  9:37  Pylon  
  76  9:40  Pylon  
  76  9:42  Pylon  
  76  9:45  Probe (Chrono Boost), Protoss Ground Weapons Level 2  
  77  9:50  Blink  
  77  9:53  Protoss Ground Armor Level 1  
  77  9:59  Probe (Chrono Boost)  
  80  10:00  Probe x2 (Chrono Boost), Stalker  
  80  10:01  Stalker x3  
  88  10:10  Probe (Chrono Boost)  
  88  10:12  Probe x2 (Chrono Boost)  
  91  10:16  Gateway  
  91  10:20  Probe (Chrono Boost)  
  92  10:24  Probe (Chrono Boost)  
  92  10:25  Probe (Chrono Boost)  
  92  10:28  Adept x3  
  100  10:52  Adept x3  
  100  10:53  Adept x2  
  110  11:10  Robotics Facility  
  110  11:12  Robotics Facility  
  110  11:15  Photon Cannon  
  110  11:16  Photon Cannon  
  110  11:18  Pylon  
  110  11:19  Sentry x5  
  116  12:28  Adept x4  
  74  12:45  Gateway  
  74  12:46  Gateway  
  74  12:48  Gateway  
  74  12:50  Gateway  
  72  12:53  Gateway x3  
  72  13:00  Immortal  
  72  13:02  Pylon  
  76  13:05  Pylon  
  76  13:11  Probe (Chrono Boost)  
  76  13:12  Probe x2 (Chrono Boost)  
  79  13:17  Immortal  
  79  13:21  Nexus  
  79  13:23  Pylon x2, Probe (Chrono Boost)  
  79  13:24  Probe x2 (Chrono Boost)  
  79  13:25  Sentry x2, Assimilator  
  79  13:26  Sentry x3, Assimilator  
  96  13:31  Pylon x2  
  96  13:32  Pylon  
  97  13:36  Probe x3 (Chrono Boost)  
  97  13:39  Warp Prism  
  97  13:40  Pylon  
  101  13:41  Pylon  
  101  13:48  Probe x2 (Chrono Boost)  
  103  13:55  Sentry x5  
  109  13:59  Protoss Ground Weapons Level 3  
  109  14:01  Protoss Ground Armor Level 2  
  113  14:07  Probe x3 (Chrono Boost)  
  116  14:19  Probe x2 (Chrono Boost)  
  116  14:20  Probe (Chrono Boost)  
  119  14:25  Immortal  
  119  14:29  Observer  
  123  14:36  Stalker x3  
  130  14:46  Sentry x5  
  130  14:47  Sentry x3  
  146  15:12  Stalker x2  
  146  15:13  Stalker x5  
  160  15:42  Stalker x6  
  170  15:43  Stalker x3  
  176  16:18  Stalker x4  
  176  16:19  Stalker x5  
  190  16:31  Stalker x2  
  190  16:32  Stalker  
  180  17:19  Stalker  
  180  17:20  Stalker  
Tags
 
Add a new tag
Caveats
  • Supply blocks, unpowered buildings, or Contaminate may cause inaccurate times.
  • Supply counts are checked every 10 seconds.